AoeStats
← Hector

Arabia

509932219Analyzed
2v2 RM · 3d ago on Sep 28, 2026· 46m 21s· 4 players
Game mode
Random Map
Map size
Medium (4 player)
Population
200
Speed
Normal
Resources
Standard
Victory
Conquest
Starting age
Dark Age
Ending age
Imperial Age
RankedLock teamsTeams togetherTeam positionsShared explorationLock speedFull tech treeHidden civsTurbo modeCheats
Victory
Defeat
🇦🇹 Malay · Austria
1464
+16
🇦🇹 Italians · Austria
1409
+19
🇨🇭 Portuguese · Switzerland
1477
-18
🇨🇭 Bulgarians · Switzerland
1457
-17
DeadlyEfficiency
10:04 Feudal Age
9:06 Loom
12:36 Double-Bit Axe
14:34 Fletching
16:25 Padded Archer Armor
16:11 Horse Collar
19:43 Gold Mining
23:36 Castle Age
22:52 Crossbowman
23:45 Bodkin Arrow
31:24 Wheelbarrow
31:23 Thumb Ring
34:41 Ballistics
38:16 Leather Archer Armor
39:51 Heavy Plow
40:06 Bow Saw
46:09 Imperial Age
44:28 Hand Cart
43:58 Town Watch
46:20 Bracer
Hector
8:49 Feudal Age
7:51 Loom
10:08 Horse Collar
10:13 Double-Bit Axe
13:52 Double-Bit Axe
15:42 Scale Barding Armor
18:41 Forging
21:52 Castle Age
20:54 Bloodlines
21:06 Gold Mining
22:58 Chain Barding Armor
22:00 Light Cavalry
23:09 Husbandry
31:02 Bow Saw
31:49 Iron Casting
33:00 Wheelbarrow
34:32 Heavy Plow
40:53 Imperial Age
39:27 Hand Cart
39:49 Fletching
40:09 Stone Mining
42:10 Plate Barding Armor
41:22 Cavalier
45:14 Bodkin Arrow
45:37 Padded Archer Armor
47:01 Blast Furnace
46:04 Bracer
46:45 Ballistics
Shellrock
6:25 Loom
8:50 Feudal Age
9:21 Double-Bit Axe
9:43 Horse Collar
11:58 Scale Barding Armor
14:10 Forging
18:42 Bloodlines
25:20 Castle Age
24:47 Gold Mining
26:24 Chain Barding Armor
25:31 Light Cavalry
27:15 Iron Casting
27:10 Husbandry
29:43 Town Watch
32:56 Fletching
37:52 Bodkin Arrow
sekoy
8:09 Loom
10:34 Feudal Age
12:27 Fletching
13:22 Double-Bit Axe
14:40 Padded Archer Armor
19:06 Horse Collar
27:27 Castle Age
27:32 Crossbowman
28:18 Thumb Ring
28:33 Bodkin Arrow
30:56 Heavy Plow
35:52 Gold Mining
36:35 Ballistics
43:00 Leather Archer Armor
Connection lost

Rejoining the realm…

Still unreachable

The connection could not be restored.

Session expired

The server has moved on; the page needs a fresh start.